Workbook

Sheet 法非適用_水道事業
B2: 経営比較分析表（平成28年度決算）
B6: =データ!H6 -> 山形県 尾花沢市
B7: 業務名 | I7: 業種名 | P7: 事業名 | W7: 類似団体区分 | AD7: 管理者の情報 | AL7: 人口（人） | AT7: 面積(km2) | BB7: 人口密度(人/km2) | BL7: グラフ凡例
B8: =データ!$I$6 -> 法非適用 | I8: =データ!$J$6 -> 水道事業 | P8: =データ!$K$6 -> 簡易水道事業 | W8: =データ!$L$6 -> D2 | AD8: 自治体職員 | AL8: =データ!$R$6 -> 17009 | AT8: =データ!$S$6 -> 372.53 | BB8: =データ!$T$6 -> 45.66 | BL8: ■ | BN8: 当該団体値（当該値）
B9: 資金不足比率(％) | I9: 自己資本構成比率(％) | P9: 普及率(％) | W9: 1か月20ｍ3当たり家庭料金(円) | AL9: 現在給水人口(人) | AT9: 給水区域面積(km2) | BB9: 給水人口密度(人/km2) | BL9: － | BN9: 類似団体平均値（平均値）
B10: =データ!$N$6 -> - | I10: =データ!$O$6 -> 該当数値なし | P10: =データ!$P$6 -> 36.56 | W10: =データ!$Q$6 -> 4320 | AL10: =データ!$U$6 -> 6169 | AT10: =データ!$V$6 -> 249.43 | BB10: =データ!$W$6 -> 24.73 | BL10: 【】 | BN10: 平成28年度全国平均
BL11: 分析欄
B14: 1. 経営の健全性・効率性 | BL14: 1. 経営の健全性・効率性について
BL16: 本市の簡易水道区域は、市総面積の2/3を占め広範囲に跨っている。当該区域は給水人口の減少により使用料収入が減少傾向にあること、集落が点在し配水管等の管路延長が長いことから、建設費や維持管理費が割高となっている。 また、施設や管路の老朽化による施設補修費や漏水修繕費の増加により厳しい経営環境にあることから、一般会計からの繰入金による補填を受けている状況である。
C34: 「単年度の収支」 | R34: 「累積欠損」 | AG34: 「支払能力」 | AV34: 「債務残高」
BL45: 2. 老朽化の状況について
BL47: 区域内の総管路延長119Kmの内、老朽化した管路が約20Km未更新となっている。漏水箇所の主な原因がこの老朽管であるため、順次、布設替えによる更新が必要であるが、工事費の節減を図るため、県・市道改良工事に伴う工事を主体に進めていることから更新延長が小幅となっている。 また、管路以外の施設に関しても高度経済成長期に整備されたものが残っており、維持管理費や補修費が割高になる傾向にある。
C56: 「料金水準の適切性」 | R56: 「費用の効率性」 | AG56: 「施設の効率性」 | AV56: 「供給した配水量の効率性」
B60: 2. 老朽化の状況
BL64: 全体総括
BL66: 引き続き、維持管理費の抑制に努めるほか、有収率の向上のため漏水箇所の早期発見、解消に配慮し、安心安全な水道水の供給継続と経営の健全化を目指す。
C79: 「施設全体の減価償却の状況」 | W79: 「管路の経年化の状況」 | AQ79: 「管路の更新投資の実施状況」
C83: ※ 平成24年度から平成25年度における各指標の類似団体平均値は、当時の事業数を基に算出していますが、管路更新率については、平成26年度の事業数を基に類似団体平均値を算出しています。
B84: 全国平均 | E84: 1① | F84: 1② | G84: 1③ | H84: 1④ | I84: 1⑤ | J84: 1⑥ | K84: 1⑦ | L84: 1⑧ | M84: 2① | N84: 2② | O84: 2③
E85: =データ!AH6 -> 【76.78】 | F85: - | G85: - | H85: =データ!BO6 -> 【1,280.76】 | I85: =データ!BZ6 -> 【53.06】 | J85: =データ!CK6 -> 【314.83】 | K85: =データ!CV6 -> 【56.28】 | L85: =データ!DG6 -> 【74.94】 | M85: - | N85: - | O85: =データ!EN6 -> 【0.59】

Sheet データ
A1: 水道事業(法非適用) | X1: 1 | Y1: 1 | Z1: 1 | AA1: 1 | AB1: 1 | AC1: 1 | AD1: 1 | AE1: 1 | AF1: 1 | AG1: 1 | AI1: 1 | AJ1: 1 | AK1: 1 | AL1: 1 | AM1: 1 | AN1: 1 | AO1: 1 | AP1: 1 | AQ1: 1 | AR1: 1 | AT1: 1 | AU1: 1 | AV1: 1 | AW1: 1 | AX1: 1 | AY1: 1 | AZ1: 1 | BA1: 1 | BB1: 1 | BC1: 1 | BE1: 1 | BF1: 1 | BG1: 1 | BH1: 1 | BI1: 1 | BJ1: 1 | BK1: 1 | BL1: 1 | BM1: 1 | BN1: 1 | BP1: 1 | BQ1: 1 | BR1: 1 | BS1: 1 | BT1: 1 | BU1: 1 | BV1: 1 | BW1: 1 | BX1: 1 | BY1: 1 | CA1: 1 | CB1: 1 | CC1: 1 | CD1: 1 | CE1: 1 | CF1: 1 | CG1: 1 | CH1: 1 | CI1: 1 | CJ1: 1 | CL1: 1 | CM1: 1 | CN1: 1 | CO1: 1 | CP1: 1 | CQ1: 1 | CR1: 1 | CS1: 1 | CT1: 1 | CU1: 1 | CW1: 1 | CX1: 1 | CY1: 1 | CZ1: 1 | DA1: 1 | DB1: 1 | DC1: 1 | DD1: 1 | DE1: 1 | DF1: 1 | DH1: 1 | DI1: 1 | DJ1: 1 | DK1: 1 | DL1: 1 | DM1: 1 | DN1: 1 | DO1: 1 | DP1: 1 | DQ1: 1 | DS1: 1 | DT1: 1 | DU1: 1 | DV1: 1 | DW1: 1 | DX1: 1 | DY1: 1 | DZ1: 1 | EA1: 1 | EB1: 1 | ED1: 1 | EE1: 1 | EF1: 1 | EG1: 1 | EH1: 1 | EI1: 1 | EJ1: 1 | EK1: 1 | EL1: 1 | EM1: 1
A2: 項番 | B2: =COLUMN()-1 -> 1 | C2: =COLUMN()-1 -> 2 | D2: =COLUMN()-1 -> 3 | E2: =COLUMN()-1 -> 4 | F2: =COLUMN()-1 -> 5 | G2: =COLUMN()-1 -> 6 | H2: =COLUMN()-1 -> 7 | I2: =COLUMN()-1 -> 8 | ... EN2: =COLUMN()-1 -> 143
A3: 大項目 | B3: 年度 | C3: 団体CD | D3: 業務CD | E3: 業種CD | F3: 事業CD | G3: 施設CD | H3: 基本情報 | X3: 1. 経営の健全性・効率性 | DH3: 2. 老朽化の状況
A4: 中項目 | X4: ①収益的収支比率(％) | AI4: ②累積欠損金比率(％) | AT4: ③流動比率(％) | BE4: ④企業債残高対給水収益比率(％) | BP4: ⑤料金回収率(％) | CA4: ⑥給水原価(円) | CL4: ⑦施設利用率(％) | CW4: ⑧有収率(％) | DH4: ①有形固定資産減価償却率(％) | DS4: ②管路経年化率(％) | ED4: ③管路更新率(％)
A5: 小項目 | H5: 都道府県名 | I5: 法適・法非適 | J5: 業種名称 | K5: 事業名称 | L5: 類似団体 | M5: 管理者の情報 | N5: 資金不足比率 | O5: 自己資本構成比率 | P5: 普及率 | Q5: 1ヶ月20㎥当たり家庭料金 | R5: 人口 | S5: 面積 | T5: 人口密度 | U5: 給水人口 | V5: 給水区域面積 | W5: 給水人口密度 | X5: 比率(N-4) | Y5: 比率(N-3) | Z5: 比率(N-2) | AA5: 比率(N-1) | AB5: 比率(N) | AC5: 類似団体平均(N-4) | AD5: 類似団体平均(N-3) | AE5: 類似団体平均(N-2) | AF5: 類似団体平均(N-1) | AG5: 類似団体平均(N) | AH5: 全国平均 | AI5: 比率(N-4) | AJ5: 比率(N-3) | AK5: 比率(N-2) | AL5: 比率(N-1) | AM5: 比率(N) | AN5: 類似団体平均(N-4) | AO5: 類似団体平均(N-3) | AP5: 類似団体平均(N-2) | AQ5: 類似団体平均(N-1) | AR5: 類似団体平均(N) | AS5: 全国平均 | AT5: 比率(N-4) | AU5: 比率(N-3) | AV5: 比率(N-2) | AW5: 比率(N-1) | AX5: 比率(N) | AY5: 類似団体平均(N-4) | AZ5: 類似団体平均(N-3) | BA5: 類似団体平均(N-2) | BB5: 類似団体平均(N-1) | BC5: 類似団体平均(N) | BD5: 全国平均 | BE5: 比率(N-4) | BF5: 比率(N-3) | BG5: 比率(N-2) | BH5: 比率(N-1) | BI5: 比率(N) | BJ5: 類似団体平均(N-4) | BK5: 類似団体平均(N-3) | BL5: 類似団体平均(N-2) | BM5: 類似団体平均(N-1) | BN5: 類似団体平均(N) | BO5: 全国平均 | BP5: 比率(N-4) | BQ5: 比率(N-3) | BR5: 比率(N-2) | BS5: 比率(N-1) | BT5: 比率(N) | BU5: 類似団体平均(N-4) | BV5: 類似団体平均(N-3) | BW5: 類似団体平均(N-2) | BX5: 類似団体平均(N-1) | BY5: 類似団体平均(N) | BZ5: 全国平均 | CA5: 比率(N-4) | CB5: 比率(N-3) | CC5: 比率(N-2) | CD5: 比率(N-1) | CE5: 比率(N) | CF5: 類似団体平均(N-4) | CG5: 類似団体平均(N-3) | CH5: 類似団体平均(N-2) | CI5: 類似団体平均(N-1) | CJ5: 類似団体平均(N) | CK5: 全国平均 | CL5: 比率(N-4) | CM5: 比率(N-3) | CN5: 比率(N-2) | CO5: 比率(N-1) | CP5: 比率(N) | CQ5: 類似団体平均(N-4) | CR5: 類似団体平均(N-3) | CS5: 類似団体平均(N-2) | CT5: 類似団体平均(N-1) | CU5: 類似団体平均(N) | CV5: 全国平均 | CW5: 比率(N-4) | CX5: 比率(N-3) | CY5: 比率(N-2) | CZ5: 比率(N-1) | DA5: 比率(N) | DB5: 類似団体平均(N-4) | DC5: 類似団体平均(N-3) | DD5: 類似団体平均(N-2) | DE5: 類似団体平均(N-1) | DF5: 類似団体平均(N) | DG5: 全国平均 | DH5: 比率(N-4) | DI5: 比率(N-3) | DJ5: 比率(N-2) | DK5: 比率(N-1) | DL5: 比率(N) | DM5: 類似団体平均(N-4) | DN5: 類似団体平均(N-3) | DO5: 類似団体平均(N-2) | DP5: 類似団体平均(N-1) | DQ5: 類似団体平均(N) | DR5: 全国平均 | DS5: 比率(N-4) | DT5: 比率(N-3) | DU5: 比率(N-2) | DV5: 比率(N-1) | DW5: 比率(N) | DX5: 類似団体平均(N-4) | DY5: 類似団体平均(N-3) | DZ5: 類似団体平均(N-2) | EA5: 類似団体平均(N-1) | EB5: 類似団体平均(N) | EC5: 全国平均 | ED5: 比率(N-4) | EE5: 比率(N-3) | EF5: 比率(N-2) | EG5: 比率(N-1) | EH5: 比率(N) | EI5: 類似団体平均(N-4) | EJ5: 類似団体平均(N-3) | EK5: 類似団体平均(N-2) | EL5: 類似団体平均(N-1) | EM5: 類似団体平均(N) | EN5: 全国平均
A6: 参照用 | B6: =B7 -> 2016 | C6: =C7 -> 62120 | D6: =D7 -> 47 | E6: =E7 -> 1 | F6: =F7 -> 0 | G6: =G7 -> 0 | H6: =H7 -> 山形県 尾花沢市 | I6: =I7 -> 法非適用 | ... W6: =W7 -> 24.73 | X6: =IF(X7="",NA(),X7) -> 76.64 | Y6: =IF(Y7="",NA(),Y7) -> 90.61 | Z6: =IF(Z7="",NA(),Z7) -> 78.85 | AA6: =IF(AA7="",NA(),AA7) -> 81.98 | AB6: =IF(AB7="",NA(),AB7) -> 72.75 | AC6: =IF(AC7="",NA(),AC7) -> 73.63 | AD6: =IF(AD7="",NA(),AD7) -> 75.71 | AE6: =IF(AE7="",NA(),AE7) -> 75.09 | ... AG6: =IF(AG7="",NA(),AG7) -> 76.65 | AH6: =IF(AH7="","",IF(AH7="-","【-】","【"&SUBSTITUTE(TEXT(AH7,"#,##0.00"),"-","△")&"】")) -> 【76.78】 | AI6: =IF(AI7="",NA(),AI7) -> #N/A | AJ6: =IF(AJ7="",NA(),AJ7) -> #N/A | AK6: =IF(AK7="",NA(),AK7) -> #N/A | AL6: =IF(AL7="",NA(),AL7) -> #N/A | AM6: =IF(AM7="",NA(),AM7) -> #N/A | AN6: =IF(AN7="",NA(),AN7) -> #N/A | AO6: =IF(AO7="",NA(),AO7) -> #N/A | AP6: =IF(AP7="",NA(),AP7) -> #N/A | ... AR6: =IF(AR7="",NA(),AR7) -> #N/A | AS6: =IF(AS7="","",IF(AS7="-","【-】","【"&SUBSTITUTE(TEXT(AS7,"#,##0.00"),"-","△")&"】")) | AT6: =IF(AT7="",NA(),AT7) -> #N/A | AU6: =IF(AU7="",NA(),AU7) -> #N/A | AV6: =IF(AV7="",NA(),AV7) -> #N/A | AW6: =IF(AW7="",NA(),AW7) -> #N/A | AX6: =IF(AX7="",NA(),AX7) -> #N/A | AY6: =IF(AY7="",NA(),AY7) -> #N/A | AZ6: =IF(AZ7="",NA(),AZ7) -> #N/A | BA6: =IF(BA7="",NA(),BA7) -> #N/A | ... BC6: =IF(BC7="",NA(),BC7) -> #N/A | BD6: =IF(BD7="","",IF(BD7="-","【-】","【"&SUBSTITUTE(TEXT(BD7,"#,##0.00"),"-","△")&"】")) | BE6: =IF(BE7="",NA(),BE7) -> 977.39 | BF6: =IF(BF7="",NA(),BF7) -> 877.03 | BG6: =IF(BG7="",NA(),BG7) -> 991.83 | BH6: =IF(BH7="",NA(),BH7) -> 943.06 | BI6: =IF(BI7="",NA(),BI7) -> 922.24 | BJ6: =IF(BJ7="",NA(),BJ7) -> 1158.82 | BK6: =IF(BK7="",NA(),BK7) -> 1167.7 | BL6: =IF(BL7="",NA(),BL7) -> 1228.58 | ... BN6: =IF(BN7="",NA(),BN7) -> 1346.23 | BO6: =IF(BO7="","",IF(BO7="-","【-】","【"&SUBSTITUTE(TEXT(BO7,"#,##0.00"),"-","△")&"】")) -> 【1,280.76】 | BP6: =IF(BP7="",NA(),BP7) -> 67.53 | BQ6: =IF(BQ7="",NA(),BQ7) -> 80.96 | BR6: =IF(BR7="",NA(),BR7) -> 72.18 | BS6: =IF(BS7="",NA(),BS7) -> 71.6 | BT6: =IF(BT7="",NA(),BT7) -> 62.13 | BU6: =IF(BU7="",NA(),BU7) -> 55.6 | BV6: =IF(BV7="",NA(),BV7) -> 54.43 | BW6: =IF(BW7="",NA(),BW7) -> 53.81 | ... BY6: =IF(BY7="",NA(),BY7) -> 53.41 | BZ6: =IF(BZ7="","",IF(BZ7="-","【-】","【"&SUBSTITUTE(TEXT(BZ7,"#,##0.00"),"-","△")&"】")) -> 【53.06】 | CA6: =IF(CA7="",NA(),CA7) -> 273.49 | CB6: =IF(CB7="",NA(),CB7) -> 253.6 | CC6: =IF(CC7="",NA(),CC7) -> 305 | CD6: =IF(CD7="",NA(),CD7) -> 306.92 | CE6: =IF(CE7="",NA(),CE7) -> 358.33 | CF6: =IF(CF7="",NA(),CF7) -> 275.86 | CG6: =IF(CG7="",NA(),CG7) -> 279.8 | CH6: =IF(CH7="",NA(),CH7) -> 284.65 | ... CJ6: =IF(CJ7="",NA(),CJ7) -> 277.4 | CK6: =IF(CK7="","",IF(CK7="-","【-】","【"&SUBSTITUTE(TEXT(CK7,"#,##0.00"),"-","△")&"】")) -> 【314.83】 | CL6: =IF(CL7="",NA(),CL7) -> 69.23 | CM6: =IF(CM7="",NA(),CM7) -> 72.34 | CN6: =IF(CN7="",NA(),CN7) -> 70.96 | CO6: =IF(CO7="",NA(),CO7) -> 74.84 | CP6: =IF(CP7="",NA(),CP7) -> 79.39 | CQ6: =IF(CQ7="",NA(),CQ7) -> 60.66 | CR6: =IF(CR7="",NA(),CR7) -> 60.17 | CS6: =IF(CS7="",NA(),CS7) -> 58.96 | ... CU6: =IF(CU7="",NA(),CU7) -> 56.19 | CV6: =IF(CV7="","",IF(CV7="-","【-】","【"&SUBSTITUTE(TEXT(CV7,"#,##0.00"),"-","△")&"】")) -> 【56.28】 | CW6: =IF(CW7="",NA(),CW7) -> 76.2 | CX6: =IF(CX7="",NA(),CX7) -> 75.04 | CY6: =IF(CY7="",NA(),CY7) -> 68.17 | CZ6: =IF(CZ7="",NA(),CZ7) -> 65.58 | DA6: =IF(DA7="",NA(),DA7) -> 59.91 | DB6: =IF(DB7="",NA(),DB7) -> 77.32 | DC6: =IF(DC7="",NA(),DC7) -> 76.68 | DD6: =IF(DD7="",NA(),DD7) -> 76.58 | ... DF6: =IF(DF7="",NA(),DF7) -> 77.18 | DG6: =IF(DG7="","",IF(DG7="-","【-】","【"&SUBSTITUTE(TEXT(DG7,"#,##0.00"),"-","△")&"】")) -> 【74.94】 | DH6: =IF(DH7="",NA(),DH7) -> #N/A | DI6: =IF(DI7="",NA(),DI7) -> #N/A | DJ6: =IF(DJ7="",NA(),DJ7) -> #N/A | DK6: =IF(DK7="",NA(),DK7) -> #N/A | DL6: =IF(DL7="",NA(),DL7) -> #N/A | DM6: =IF(DM7="",NA(),DM7) -> #N/A | DN6: =IF(DN7="",NA(),DN7) -> #N/A | DO6: =IF(DO7="",NA(),DO7) -> #N/A | ... DQ6: =IF(DQ7="",NA(),DQ7) -> #N/A | DR6: =IF(DR7="","",IF(DR7="-","【-】","【"&SUBSTITUTE(TEXT(DR7,"#,##0.00"),"-","△")&"】")) | DS6: =IF(DS7="",NA(),DS7) -> #N/A | DT6: =IF(DT7="",NA(),DT7) -> #N/A | DU6: =IF(DU7="",NA(),DU7) -> #N/A | DV6: =IF(DV7="",NA(),DV7) -> #N/A | DW6: =IF(DW7="",NA(),DW7) -> #N/A | DX6: =IF(DX7="",NA(),DX7) -> #N/A | DY6: =IF(DY7="",NA(),DY7) -> #N/A | DZ6: =IF(DZ7="",NA(),DZ7) -> #N/A | ... EB6: =IF(EB7="",NA(),EB7) -> #N/A | EC6: =IF(EC7="","",IF(EC7="-","【-】","【"&SUBSTITUTE(TEXT(EC7,"#,##0.00"),"-","△")&"】")) | ED6: =IF(ED7="",NA(),ED7) -> 0 | EE6: =IF(EE7="",NA(),EE7) -> 0.21 | EF6: =IF(EF7="",NA(),EF7) -> 0.16 | EG6: =IF(EG7="",NA(),EG7) -> 0.66 | EH6: =IF(EH7="",NA(),EH7) -> 0.59 | EI6: =IF(EI7="",NA(),EI7) -> 0.69 | EJ6: =IF(EJ7="",NA(),EJ7) -> 0.89 | EK6: =IF(EK7="",NA(),EK7) -> 0.98 | ... EM6: =IF(EM7="",NA(),EM7) -> 0.8 | EN6: =IF(EN7="","",IF(EN7="-","【-】","【"&SUBSTITUTE(TEXT(EN7,"#,##0.00"),"-","△")&"】")) -> 【0.59】
B7: 2016 | C7: 62120 | D7: 47 | E7: 1 | F7: 0 | G7: 0 | H7: 山形県 尾花沢市 | I7: 法非適用 | J7: 水道事業 | K7: 簡易水道事業 | L7: D2 | N7: - | O7: 該当数値なし | P7: 36.56 | Q7: 4320 | R7: 17009 | S7: 372.53 | T7: 45.66 | U7: 6169 | V7: 249.43 | W7: 24.73 | X7: 76.64 | Y7: 90.61 | Z7: 78.85 | AA7: 81.98 | AB7: 72.75 | AC7: 73.63 | AD7: 75.71 | AE7: 75.09 | AF7: 75.34 | AG7: 76.65 | AH7: 76.78 | BE7: 977.39 | BF7: 877.03 | BG7: 991.83 | BH7: 943.06 | BI7: 922.24 | BJ7: 1158.82 | BK7: 1167.7 | BL7: 1228.58 | BM7: 1280.18 | BN7: 1346.23 | BO7: 1280.76 | BP7: 67.53 | BQ7: 80.96 | BR7: 72.18 | BS7: 71.6 | BT7: 62.13 | BU7: 55.6 | BV7: 54.43 | BW7: 53.81 | BX7: 53.62 | BY7: 53.41 | BZ7: 53.06 | CA7: 273.49 | CB7: 253.6 | CC7: 305 | CD7: 306.92 | CE7: 358.33 | CF7: 275.86 | CG7: 279.8 | CH7: 284.65 | CI7: 287.7 | CJ7: 277.4 | CK7: 314.83 | CL7: 69.23 | CM7: 72.34 | CN7: 70.96 | CO7: 74.84 | CP7: 79.39 | CQ7: 60.66 | CR7: 60.17 | CS7: 58.96 | CT7: 58.1 | CU7: 56.19 | CV7: 56.28 | CW7: 76.2 | CX7: 75.04 | CY7: 68.17 | CZ7: 65.58 | DA7: 59.91 | DB7: 77.32 | DC7: 76.68 | DD7: 76.58 | DE7: 76.69 | DF7: 77.18 | DG7: 74.94 | ED7: 0 | EE7: 0.21 | EF7: 0.16 | EG7: 0.66 | EH7: 0.59 | EI7: 0.69 | EJ7: 0.89 | EK7: 0.98 | EL7: 0.76 | EM7: 0.8 | EN7: 0.59
B9: Ｎ－４年度 | C9: Ｎ－３年度 | D9: Ｎ－２年度 | E9: Ｎ－１年度 | F9: Ｎ年度
A10: 年度 | B10: =DATEVALUE($B$6-4&"年1月1日") -> 40909 | C10: =DATEVALUE($B$6-3&"年1月1日") -> 41275 | D10: =DATEVALUE($B$6-2&"年1月1日") -> 41640 | E10: =DATEVALUE($B$6-1&"年1月1日") -> 42005 | F10: =DATEVALUE($B$6&"年1月1日") -> 42370
